 Dungeon Crawl Stone Soup version 0.19-b1-3-g7dea586 (webtiles) character file.

105 lorenzova the Sneak (level 4, 0/21 HPs)
             Began as a Spriggan Enchanter on Oct 29, 2016.
             Killed from afar by an orc wizard (8 damage)
             ... with a puff of frost
             ... on level 3 of the Dungeon.
             The game lasted 00:04:15 (2035 turns).

lorenzova the Sneak (Spriggan Enchanter)            Turns: 2035, Time: 00:04:16

Health: 0/21       AC:  3    Str:  4    XL:     4   Next: 54%
Magic:  0/10       EV: 18    Int: 16    God:
Gold:   160        SH:  0    Dex: 17    Spells: 3 memorised, 4 levels left

rFire  . . .     SeeInvis +     a - +1 dagger
rCold  . . .     Gourm    .     b - +1 robe
rNeg   . . .     Faith    .     (shield restricted)
rPois  .         Spirit   +     (helmet restricted)
rElec  .         Reflect  .     (no cloak)
rCorr  .         Harm     .     (gloves unavailable)
MR     .....                    (boots unavailable)
Stlth  +++.......               o - amulet of guardian spirit
                                (no ring)
                                (no ring)

@: very quick
A: unfitting armour, see invisible, herbivore 3, speed 3, slow metabolism 2
a: no special abilities


You were on level 3 of the Dungeon.
You were hungry.

You visited 1 branch of the dungeon, and saw 3 of its levels.

You collected 160 gold pieces.

Inventory:

Hand Weapons
 a - a +1 dagger (weapon)
Armour
 b - a +1 robe (worn)
Jewellery
 o - an amulet of guardian spirit (around neck)
Scrolls
 f - a scroll of remove curse {unknown}
 g - a scroll of blinking {unknown}
 h - 3 scrolls of identify
 i - 2 scrolls of immolation {unknown}
 j - a scroll of recharging {unknown}
 n - 2 scrolls of amnesia {unknown}
Potions
 e - a potion of might {unknown}
 k - a potion of heal wounds {unknown}
 l - a potion of berserk rage {unknown}
 m - a potion of invisibility {unknown}
Books
 c - a book of Maledictions

   Spells                             Type                      Level
   a - Corona                         Hexes                        1
   b - Ensorcelled Hibernation        Hexes/Ice                    2
   c - Confuse                        Hexes                        3
   d - Tukima's Dance                 Hexes                        3
   e - Dazzling Spray                 Conjuration/Hexes            3
Comestibles
 d - 2 bread rations


   Skills:
 - Level 1.1 Short Blades
 - Level 3.0 Dodging
 + Level 5.9 Stealth
 + Level 3.9 Spellcasting
 + Level 4.9 Hexes


You had 4 spell levels left.
You knew the following spells:

 Your Spells              Type           Power        Failure   Level  Hunger
a - Corona                Hex            ###....      2%          1    None
b - Ensorcelled Hibernat  Hex/Ice        ##....       12%         2    ##.....
c - Confuse               Hex            ###.....     10%         3    ###....


Dungeon Overview and Level Annotations

Branches:
Dungeon (3/15)

Altars:
Makhleb
Ru
Trog
Vehumet


Innate Abilities, Weirdness & Mutations

You are very small and have problems with some larger weapons.
You are too small for most types of armour.
You have supernaturally acute eyesight. (SInv)
You are a herbivore.
You cover ground extremely quickly.
You need consume almost no food.


Message History

The orc wizard casts a spell.
The orc wizard seems to speed up.
A rat comes into view.
You hit the orc.
The orc is severely wounded.
The orc wizard gestures at you while chanting.
The magic dart hits you! The orc barely misses you.
Casting: Confuse
Confirm with . or Enter, or press ? or * to list all spells.
You don't have enough magic to cast that spell.
You hit the orc.
You kill the orc!
The orc wizard hits you but does no damage.
The orc wizard hits you with a dagger. The orc wizard casts a spell at you.
The magic dart hits you!
You see here a leather armour.
The orc wizard casts a spell at you. The puff of frost hits you!
You die...

......)[.........#
###..............#
#..............#
#..............#
#.....r........#
#......o.......#
#..............#
#######..............#
........#####@########
.............>#
#######.#####.# #...#
#.# #...###.######
#...†........#
#............#
#............#
#.....†......#


You could see an orc wizard and a rat.

Vanquished Creatures
  A worker ant (D:3)
  A hound zombie (D:3)
  2 adders (D:2)
  A worm (D:2)
  A leopard gecko (D:2)
  2 orcs (D:3)
  A ball python (D:3)
  2 giant cockroaches
  6 goblins
  5 hobgoblins
  A quokka (D:3)
  7 bats
  A frilled lizard (D:3)
  6 kobolds
  7 rats
44 creatures vanquished.

Vanquished Creatures (others)
  An adder (D:2)
  2 kobolds (D:2)
3 creatures vanquished.

Grand Total: 47 creatures vanquished

Notes
Turn   | Place    | Note
-------+----------+-------------------------------------------
     0 | D:1      | lorenzova the Spriggan Enchanter began the quest for the Orb.
     0 | D:1      | Reached XP level 1. HP: 9/9 MP: 5/5
   369 | D:1      | Reached XP level 2. HP: 13/13 MP: 7/7
   373 | D:1      | Learned a level 2 spell: Ensorcelled Hibernation
   738 | D:2      | Found a radiant altar of Vehumet.
   838 | D:2      | Found a burning altar of Makhleb.
   838 | D:2      | Found a faded altar of an unknown god.
   844 | D:2      | Found a sacrificial altar of Ru.
   846 | D:2      | Found a faded altar of an unknown god.
   848 | D:2      | Found a faded altar of an unknown god.
   892 | D:2      | Reached skill level 5 in Stealth
   892 | D:2      | Reached XP level 3. HP: 14/16 MP: 3/8
   929 | D:2      | Learned a level 3 spell: Confuse
   953 | D:2      | Found a bloodstained altar of Trog.
  1766 | D:3      | Reached XP level 4. HP: 19/21 MP: 10/10
  2035 | D:3      | Killed from afar by an orc wizard

Skill      XL: |  1  2 |
---------------+-------+-----
Spellcasting   | 3 |  3.9
Hexes          | 4 |  4.9
Stealth        | 5 |  5.9
Short Blades   | |  1.1
Dodging        | |  3.0

Action                   |  1- 3 |  4- 6 || total
-------------------------+-------+-------++-------
Melee: Dagger            |   162 |    23 ||   185
 Cast: Ensorcelled Hiber |    15 |     3 ||    18
       Confuse           |     3 |     4 ||     7
  Use: Scroll            |     1 |       ||     1
 Stab: Sleeping          |    18 |     2 ||    20
       Confused          |       |     1 ||     1
Armor: Robe              |    30 |     3 ||    33
Dodge: Dodged            |   166 |    21 ||   187
